 Dungeon Crawl Stone Soup version 0.18.1-48-g4cf74bf (webtiles) character file.

7473 tyranidshit the Fighter (level 10, 0/86 HPs)
             Began as a Demonspawn Abyssal Knight on Sept 8, 2016.
             Was a High Priest of Lugonu.
             Slain by Snorg (8 damage)
             ... on level 10 of the Dungeon.
             The game lasted 00:26:20 (7498 turns).

tyranidshit the Fighter (Demonspawn Abyssal Knight) Turns: 7498, Time: 00:26:21

Health: 0/86       AC: 21    Str: 14    XL:     10   Next: 94%
Magic:  0/10       EV:  5    Int: 15    God:    Lugonu [*****.]
Gold:   295        SH:  0    Dex: 15    Spells: 1 memorised, 8 levels left

rFire  . . .     SeeInvis .     z - +3 battleaxe
rCold  + . .     Gourm    .     C - +0 plate armour
rNeg   . . .     Faith    .     (shield currently unavailable)
rPois  +         Spirit   +     (helmet restricted)
rElec  .         Dismiss  .     t - +1 cloak
rCorr  .         Reflect  .     u - +0 pair of gloves
SustAt .         Harm     .     (no boots)
MR     .....     Clarity  +     n - amulet of magic regeneration
Stlth  ..........               i - ring of protection from cold
                                o - +2 ring of dexterity

@: not resistant to hostile enchantments, extremely unstealthy
A: horns 2, iridescent scales 1, clarity, clever 1, low mp 1, poison resistance,
slow regeneration 1, spiny 1, weak 1, magic shield
a: Depart the Abyss, Bend Space, Banish, Corrupt, Enter the Abyss, Renounce
Religion


You were on level 10 of the Dungeon.
You worshipped Lugonu.
Lugonu was extremely pleased with you.
You were not hungry.

You visited 2 branches of the dungeon, and saw 11 of its levels.
You visited the Abyss 1 time.

You collected 358 gold pieces.
You spent 63 gold pieces at shops.

Inventory:

Hand Weapons
 y - a +1 hand axe of distortion
 z - a +3 battleaxe (weapon)
 A - a +2 war axe of freezing
Missiles
 B - 4 poisoned needles
Armour
 t - a +1 cloak (worn)
 u - a +0 pair of gloves (worn)
 C - a +0 plate armour (worn)
Jewellery
 i - a ring of protection from cold (right hand)
 n - an amulet of magic regeneration (around neck)
 o - a +2 ring of dexterity (left hand)
 r - an uncursed ring of poison resistance
 s - an uncursed ring of sustain attributes
 J - an uncursed ring of ice
Wands
 a - a wand of hasting (3/9)
 D - a wand of iceblast (0/15)
Scrolls
 b - a scroll of recharging
 e - a scroll of fear
 g - 5 scrolls of identify
 h - a scroll of remove curse
 m - a scroll of fog
 v - 2 scrolls of teleportation
 G - a scroll of magic mapping
 H - a scroll of enchant weapon
 I - a scroll of blinking
Potions
 d - 2 potions of invisibility
 j - a potion of might
 q - a potion of magic
Books
 f - a book of Envenomations

   Spells                             Type                      Level
   a - Spider Form                    Transmutation/Poison         3
   b - Olgreb's Toxic Radiance        Poison                       4
   c - Alistair's Intoxication        Transmutation/Poison         5
   d - Poisonous Cloud                Conjuration/Poison/Air       6
 p - a book of Summonings

   Spells                             Type                      Level
   a - Recall                         Summoning/Translocation      3
   b - Aura of Abjuration             Summoning                    5
   c - Summon Demon                   Summoning                    5
   d - Summon Forest                  Summoning/Translocation      5
   e - Summon Mana Viper              Hexes/Summoning              5
   f - Shadow Creatures               Summoning                    6
 x - the Handbook of Warped Clay
   (You found it on level 6 of the Dungeon)

   Spells                             Type                      Level
   a - Apportation                    Translocation                1
   b - Shroud of Golubria             Charms/Translocation         2
   c - Stone Arrow                    Conjuration/Earth            3
   d - Passage of Golubria            Translocation                4
   e - Warp Weapon                    Charms/Translocation         5
   f - Summon Forest                  Summoning/Translocation      5
Comestibles
 c - 3 bread rations
 k - a meat ration
 l - 2 slices of pizza
 w - 3 beef jerkies
 E - 3 fruits
 F - 5 royal jellies


   Skills:
 - Level 10.8 Fighting
 + Level 8.9 Axes
 + Level 8.8 Armour
 - Level 0.8 Dodging
 - Level 0.6 Stealth
 - Level 2.4 Invocations


You had 8 spell levels left.
You knew the following spells:

 Your Spells              Type           Power        Failure   Level  Hunger
a - Apportation           Tloc           #.........   100%        1    ##.....


Dungeon Overview and Level Annotations

Branches:
Dungeon (10/15)            Temple (1/1) D:6            Lair (0/8) D:10
    Orc: D:9-12

Altars:
Ashenzari
Cheibriados
Dithmenos
Fedhas
Gozag
Nemelex Xobeh
Okawaru
Qazlal
Ru
Sif Muna
Trog
Vehumet
Xom
Zin
The Shining One

Shops:
D:9 [

Annotations:
D:10 Snorg


Innate Abilities, Weirdness & Mutations

You have a pair of horns on your head.
You are partially covered in iridescent scales (AC +4).
You are partially covered in sharp spines.
When hurt, damage is shared between your health and your magic reserves.
You possess an exceptional clarity of mind.
Your mind is acute. (Int +2)
Your magical capacity is low (-10% MP).
Your system is resistant to poisons.
You regenerate slowly when monsters are visible.
You are weak. (Str -2)


Message History

Snorg claws you but does no damage. Snorg is struck by your spines.
Snorg bites you. Snorg claws you but does no damage. Snorg barely misses you.
You hit Snorg. You headbutt Snorg.
Snorg is severely wounded.
Snorg bites you but does no damage. Snorg claws you.
Snorg claws you but does no damage. Snorg bites you.
Snorg claws you but does no damage. x2
You barely miss Snorg.
Snorg is severely wounded.
Snorg is struck by your spines. Snorg bites you but does no damage.
Snorg claws you but does no damage. Snorg completely misses you.
Snorg bites you. Snorg claws you!
* * * LOW HITPOINT WARNING * * *
Snorg completely misses you.
You hit Snorg but do no damage.
Snorg is severely wounded.
Snorg bites you!
* * * LOW HITPOINT WARNING * * *
Snorg claws you but does no damage. Snorg claws you!
You die...

.......................#
.......................#
.......................#
.......................#
..........##....†......#
..........##...........#
..........##.....<###..#
......T...##......#
..#####@..##......#
#...##......#
#...##......# #...>..#
#...##......# ..#
#......##..#
#........†..# #..#
#......##..#
#...>.......# #..#
#......##..#
#...##......# #..#
#......##..#
#...##......# #..#
#......##..#
#...##......# #..#


You could see Snorg (berserk).

Vanquished Creatures
  Erolcha (D:9)
  Pikel (D:9)
  2 hill giants
  Joseph (D:7)
  A two-headed ogre (D:9)
  A wraith (D:10)
  A wyvern (D:8)
  2 orc warriors
  3 ice beasts
  3 sky beasts
  2 slaves (D:9)
  4 ogres
  A phantom (D:8)
  5 centaurs
  2 big kobolds (D:8)
  3 giant frogs
  A wyvern skeleton (D:6)
  3 scorpions
  9 killer bees
  3 spriggan skeletons (D:9)
  A troll skeleton (D:9)
  8 howler monkeys
  8 wights
  A centaur zombie (D:7)
  5 crimson imps
  A quasit (D:10)
  4 jellies
  3 orc priests
  2 hounds
  7 orc wizards
  4 centaur skeletons
  2 giant frog skeletons
  2 iguanas
  7 worker ants
  2 hound skeletons
  12 adders
  2 shadow imps
  A worm (D:2)
  2 dart slugs
  5 giant geckos
  21 orcs
  4 giant cockroaches
  5 goblins
  7 hobgoblins
  5 quokkas
  A ball python (D:2)
  6 bats
  5 giant newts
  13 kobolds
  A quokka skeleton (D:9)
  5 rats
  A plant (D:10)
202 creatures vanquished.

Vanquished Creatures (others)
  An orc wizard (D:8)
1 creature vanquished.

Grand Total: 203 creatures vanquished

Notes
Turn   | Place    | Note
--------------------------------------------------------------
     0 | Abyss:1  | tyranidshit the Demonspawn Abyssal Knight began the quest for the Orb.
     0 | Abyss:1  | Reached XP level 1. HP: 18/18 MP: 2/2
     0 | Abyss:1  | Found a corrupted altar of Lugonu.
     8 | Abyss:1  | Found a corrupted altar of Lugonu.
    47 | Abyss:1  | Noticed a small abomination
    48 | Abyss:1  | Noticed a ynoxinul
    61 | D:1      | Escaped the Abyss
   310 | D:1      | Gained mutation: You are partially covered in sharp spines. [demonic ancestry]
   310 | D:1      | Reached XP level 2. HP: 19/24 MP: 3/3
   326 | D:1      | Reached * piety under Lugonu
   580 | D:1      | Reached skill level 4 in Fighting
   781 | D:2      | Reached XP level 3. HP: 27/30 MP: 4/4
   838 | D:2      | Found a glowing silver altar of Zin.
   841 | D:2      | Found an iron altar of Okawaru.
   866 | D:2      | Found a radiant altar of Vehumet.
  1130 | D:2      | Reached ** piety under Lugonu
  1206 | D:3      | Gained mutation: You have a pair of small horns on your head. [demonic ancestry]
  1206 | D:3      | Reached XP level 4. HP: 38/38 MP: 5/5
  1228 | D:3      | Found a sparkling altar of Nemelex Xobeh.
  1241 | D:3      | Found a shattered altar of Ashenzari.
  1254 | D:3      | Reached skill level 5 in Fighting
  1323 | D:3      | Gained mutation: You regenerate slowly when monsters are visible. [potion of mutation]
  1323 | D:3      | Gained mutation: Your mind is acute. (Int +2) [potion of mutation]
  1871 | D:4      | Gained mutation: You have a pair of horns on your head. [demonic ancestry]
  1871 | D:4      | Reached XP level 5. HP: 37/46 MP: 6/6
  1880 | D:4      | Reached skill level 6 in Fighting
  1883 | D:4      | Found a shimmering altar of Xom.
  1891 | D:4      | Found a stormy altar of Qazlal.
  2155 | D:4      | Found a sparkling altar of Nemelex Xobeh.
  2181 | D:4      | Reached *** piety under Lugonu
  2181 | D:4      | Reached XP level 6. HP: 53/53 MP: 7/7
  2249 | D:4      | Found a bloodstained altar of Trog.
  2318 | D:4      | Reached skill level 7 in Fighting
  2393 | D:4      | Found an opulent altar of Gozag.
  2394 | D:4      | Found a snail-covered altar of Cheibriados.
  2396 | D:4      | Found a blossoming altar of Fedhas.
  2399 | D:4      | Found a glowing golden altar of the Shining One.
  2458 | D:5      | Entered Level 5 of the Dungeon
  2474 | D:5      | Noticed an ice beast
  2487 | D:5      | Killed an ice beast
  2533 | D:5      | Reached skill level 8 in Fighting
  2533 | D:5      | Gained mutation: You are partially covered in iridescent scales (AC +4). [demonic ancestry]
  2533 | D:5      | Reached XP level 7. HP: 39/62 MP: 8/8
  3022 | D:5      | Reached skill level 9 in Fighting
  3172 | D:6      | Identified the Handbook of Warped Clay
  3288 | D:6      | Found a sacrificial altar of Ru.
  3628 | D:6      | Reached XP level 8. HP: 53/72 MP: 9/9
  3675 | D:6      | Reached skill level 10 in Fighting
  3775 | D:6      | Found a staircase to the Ecumenical Temple.
  3837 | D:6      | Found a shadowy altar of Dithmenos.
  3942 | Temple   | Entered the Ecumenical Temple
  4164 | D:7      | Noticed a hill giant
  4183 | D:7      | Killed a hill giant
  4183 | D:7      | Gained mutation: When hurt, damage is shared between your health and your magic reserves. [demonic ancestry]
  4183 | D:7      | Reached XP level 9. HP: 49/79 MP: 10/10
  4245 | D:7      | Gained mutation: You possess an exceptional clarity of mind. [potion of mutation]
  4245 | D:7      | Gained mutation: You are weak. (Str -2) [potion of mutation]
  4301 | D:7      | Noticed Joseph
  4312 | D:7      | Killed Joseph
  4312 | D:7      | Reached **** piety under Lugonu
  4340 | D:7      | Learned a level 1 spell: Apportation
  4485 | D:7      | Found a deep blue altar of Sif Muna.
  4578 | D:7      | Reached skill level 5 in Axes
  4578 | D:7      | Reached skill level 5 in Armour
  5191 | D:8      | Reached XP level 10. HP: 33/86 MP: 6/11
  5483 | D:8      | Reached ***** piety under Lugonu
  5907 | D:8      | Gained mutation: Your system is resistant to poisons. [potion of mutation]
  5907 | D:8      | Gained mutation: Your magical capacity is low (-10% MP). [potion of mutation]
  6266 | D:9      | Found Niluriun's Armour Emporium.
  6418 | D:9      | Noticed Pikel
  6428 | D:9      | Killed Pikel
  6460 | D:9      | Bought a +0 pair of gloves for 63 gold pieces
  6862 | D:9      | Noticed Erolcha
  6869 | D:9      | Killed Erolcha
  7134 | D:10     | Entered Level 10 of the Dungeon
  7263 | D:10     | Noticed a hill giant
  7265 | D:10     | Noticed Snorg
  7275 | D:10     | Killed a hill giant
  7423 | D:10     | Found a staircase to the Lair.
  7498 | D:10     | Slain by Snorg

Skill      XL: |  1  2  3  4  5  6  7  8  9 10 |
---------------+-------------------------------+-----
Fighting       | 4 5 6 8 9 10 | 10.8
Axes           | 3 6 8 |  8.9
Armour         | 3 6 8 |  8.8
Dodging        | |  0.8
Stealth        | |  0.6
Invocations    | |  2.4

Action                   |  1- 3 |  4- 6 |  7- 9 | 10-12 || total
-------------------------+-------+-------+-------+-------++-------
Melee: Hand axe          |    53 |     9 |    12 |       ||    74
       Dagger            |       |    92 |    86 |       ||   178
       Headbutt          |       |    21 |    41 |    25 ||    87
       Battleaxe         |       |       |   110 |   132 ||   242
Invok: Depart the Abyss  |     1 |       |       |       ||     1
Evoke: Wand              |       |       |     1 |     9 ||    10
  Use: Potion            |     4 |     4 |     3 |     3 ||    14
       Scroll            |     4 |     5 |     3 |     8 ||    20
 Stab: Invisible         |     1 |       |       |       ||     1
  Eat: Bread ration      |       |     2 |     2 |     2 ||     6
Armor: Leather armour    |     6 |       |       |       ||     6
       Chain mail        |    15 |    39 |    50 |       ||   104
       Plate armour      |       |       |    95 |   151 ||   246
Dodge: Dodged            |    23 |    17 |    48 |    47 ||   135
